Map: [ESL] Royal Blood

Players

Geralt (Gerald) - Winner!

  • Race: Protoss Protoss
  • League: Grandmaster
  • Spawn Location: 7:00

trigger

  • Race: Protoss Protoss
  • League: Grandmaster
  • Spawn Location: 1:00

Event: HomeStory Cup XXIII

VOD

Have the link to the VOD?

Description

Time

  • Played on: June 30, 2023, 1:49 p.m.
  • Length: 7:41

All games in this series

Show
View Real Time Build Order
Export as new Build Order

Geralt Protoss - Winner!

Build Orders: Oracle Opening 

Get SALT Encoding   

  12  0:00  Probe  
  13  0:12  Probe  
  14  0:17  Pylon  
  14  0:24  Probe (Chrono Boost)  
  16  0:36  Gateway  
  16  0:37  Probe (Chrono Boost)  
  16  0:42  Probe (Chrono Boost)  
  16  0:46  Assimilator  
  17  0:52  Probe (Chrono Boost)  
  17  0:55  Assimilator  
  18  1:04  Probe (Chrono Boost)  
  19  1:08  Gateway  
  19  1:13  Probe (Chrono Boost)  
  19  1:18  Probe  
  20  1:24  Cybernetics Core  
  21  1:30  Probe  
  22  1:34  Pylon  
  22  1:42  Probe  
  23  1:54  Probe  
  23  2:01  Stargate  
  24  2:05  Adept  
  24  2:07  Adept  
  28  2:10  Probe  
  28  2:14  Warp Gate (Chrono Boost)  
  29  2:23  Pylon  
  29  2:25  Probe  
  30  2:40  Probe  
  30  2:41  Oracle (Chrono Boost)  
  34  2:52  Stalker  
  34  2:53  Probe  
  37  3:07  Probe  
  37  3:21  Robotics Facility  
  37  3:24  Probe  
  36  3:31  Cybernetics Core  
  33  3:41  Shield Battery  
  38  3:44  Pylon  
  38  3:47  Pylon  
  37  3:49  Stalker  
  37  3:50  Stalker  
  37  3:51  Pylon  
  35  4:10  Immortal  
  35  4:15  Shield Battery  
  39  4:29  Oracle (Chrono Boost)  
  42  4:41  Adept x2, Gateway  
  46  4:53  Immortal  
  50  5:04  Pylon  
  50  5:22  Nexus  
  47  5:40  Stalker  
  47  5:41  Stalker  
  47  5:42  Sentry  
  49  5:52  Immortal (Chrono Boost)  
  53  5:57  Probe  
  54  6:07  Shield Battery  
  54  6:09  Probe  
  55  6:17  Adept x2  
  59  6:27  Probe  
  59  6:31  Observer  
  61  6:34  Probe  
  61  6:39  Probe  
  63  6:41  Stalker  
  63  6:42  Stalker  
  67  6:50  Probe  
  68  6:55  Probe  
  63  7:02  Probe  
  63  7:03  Stalker  
  63  7:04  Stalker  
  63  7:07  Probe  
  67  7:14  Probe  
  68  7:17  Twilight Council  
  68  7:23  Probe  
Show
View Real Time Build Order
Export as new Build Order

trigger Protoss 

Build Orders: Blink Stalkers 

Get SALT Encoding   

  12  0:00  Probe  
  13  0:12  Probe  
  14  0:18  Pylon  
  14  0:24  Probe, Pylon  
  16  0:42  Gateway  
  16  0:43  Probe (Chrono Boost)  
  16  0:51  Probe (Chrono Boost)  
  16  0:52  Assimilator  
  17  0:57  Probe (Chrono Boost)  
  17  1:00  Assimilator  
  18  1:09  Probe (Chrono Boost)  
  19  1:11  Gateway  
  19  1:15  Probe (Chrono Boost)  
  20  1:23  Probe  
  21  1:29  Cybernetics Core  
  21  1:35  Probe  
  21  1:36  Pylon  
  22  1:47  Probe  
  23  1:59  Probe  
  24  2:06  Warp Gate, Stalker x2  
  28  2:12  Probe, Pylon  
  29  2:24  Probe  
  30  2:32  Twilight Council  
  30  2:39  Stalker  
  30  2:40  Stalker  
  34  3:03  Gateway  
  34  3:09  Blink (Chrono Boost)  
  31  3:15  Probe  
  27  3:30  Shield Battery  
  27  3:33  Probe (Chrono Boost)  
  27  3:35  Shield Battery  
  27  3:38  Pylon  
  23  3:46  Probe (Chrono Boost)  
  24  3:53  Probe (Chrono Boost)  
  25  4:00  Probe  
  26  4:06  Stalker  
  29  4:19  Nexus  
  26  4:24  Probe (Chrono Boost)  
  27  4:33  Probe (Chrono Boost)  
  28  4:38  Probe (Chrono Boost)  
  28  4:42  Stalker  
  31  4:50  Probe  
  32  5:02  Probe  
  33  5:08  Stalker, Sentry  
  37  5:15  Probe (Chrono Boost)  
  37  5:21  Pylon  
  38  5:27  Probe (Chrono Boost)  
  38  5:35  Probe (Chrono Boost)  
  29  5:38  Stalker  
  29  5:41  Probe (Chrono Boost)  
  33  5:46  Probe (Chrono Boost)  
  34  5:57  Probe x2 (Chrono Boost)  
  34  6:02  Probe (Chrono Boost)  
  35  6:04  Probe  
  36  6:12  Probe  
  36  6:16  Probe  
  38  6:24  Probe (Chrono Boost)  
  39  6:28  Probe (Chrono Boost)  
  40  6:35  Stalker  
  40  6:37  Probe (Chrono Boost)  
  44  6:40  Probe (Chrono Boost)  
  44  6:41  Stalker  
  44  6:44  Probe (Chrono Boost)  
  44  6:46  Probe (Chrono Boost)  
  46  6:59  Stalker  
  44  7:05  Stalker  
  44  7:07  Gateway  
  44  7:14  Probe x2  
  38  7:26  Probe  
Tags
 
Add a new tag
Caveats
  • Supply blocks, unpowered buildings, or Contaminate may cause inaccurate times.
  • Supply counts are checked every 10 seconds.